 Dungeon Crawl Stone Soup version 0.29-a0-384-g6960b1960d (webtiles) character file.

Game seed: 15251426197024865634

5259 bastard the Thaumaturge (level 10, -1/75 HPs)
             Began as a Djinni Fire Elementalist on May 6, 2022.
             Was a Believer of Makhleb.
             Slain by a centaur warrior (3 damage)
             ... on level 8 of the Dungeon on May 7, 2022.
             The game lasted 00:19:03 (10714 turns).

bastard the Thaumaturge (Djinni Fire Elementalist) Turns: 10714, Time: 00:19:04

Health: -1/75      AC:  9    Str:  7    XL:     10   Next: 93%
Gold:   325        EV: 14    Int: 21    God:    Makhleb [**....] SH:  0 Dex: 14

rFire   + . .      SeeInvis +   p - staff of conjuration
rCold   . . .      Faith    .   (no shield)
rNeg    . . .      Spirit   .   D - +0 acid dragon scales
rPois   ∞          Reflect  .   (no helmet)
rElec   .          Harm     .   s - +1 cloak
rCorr   +          Rampage  .   o - +0 pair of gloves
Will    +....                   (boots unavailable)
Stlth   ++........              (no amulet)
HPRegen 0.22/turn               b - ring of ice
MPRegen 0.00/turn               h - ring of see invisible

@: flying, studying Maces & Flails, invisible
A: sickness immunity, fire resistance 2, cold vulnerability 1, float, innate
caster, HP casting, extra vitality 1
a: Renounce Religion, Minor Destruction


You were on level 8 of the Dungeon.
You worshipped Makhleb.
Makhleb was pleased with you.
You visited 2 branches of the dungeon, and saw 9 of its levels.

You collected 325 gold pieces.

Inventory:

Hand Weapons
 r - a +3 quarterstaff of protection
Missiles
 j - 2 throwing nets
Armour
 f - the +5 kite shield of Acoi {Contam Str+7 Int+10}
   (You found it on level 4 of the Dungeon)

   Str:       It affects your strength (+7).
   Int:       It affects your intelligence (+10).
   Contam:    It causes magical contamination when unequipped.
 o - a +0 pair of gloves (worn)
 s - a +1 cloak (worn)
 D - +0 acid dragon scales (worn)
Magical Staves
 p - a staff of conjuration (weapon)
 y - a staff of cold
Jewellery
 b - a ring of ice (left hand)
 h - a ring of see invisible (right hand)
 x - a +6 ring of intelligence
Wands
 m - a wand of charming (9)
Scrolls
 c - a scroll of silence
 w - 3 scrolls of enchant armour
 z - a scroll of immolation
 B - a scroll of brand weapon
 C - 2 scrolls of identify
Potions
 d - a potion of invisibility
 e - a potion of curing
 i - a potion of haste
 l - a potion of brilliance
 n - 2 potions of cancellation
 q - 2 potions of lignification
 t - 2 potions of attraction {unknown}
 u - a potion of heal wounds {unknown}
 v - 2 potions of magic {unknown}


   Skills:
 + Level 7.1 Fighting
 + Level 8.4 Dodging
 - Level 2.6 Stealth
 - Level 0.1 Unarmed Combat
 + Level 9.1 Spellcasting


You had 4 spell levels left.
You knew the following spells:

 Your Spells              Type           Power      Damage    Failure   Level
a - Foxfire               Conj/Fire      100%       2x1d9     1%          1
b - Scorch                Fire           94%        2d9       1%          2
c - Conjure Flame         Conj/Fire      64%        6-21      1%          3
d - Inner Flame           Hex/Fire       47%        N/A       1%          3
e - Flame Wave            Conj/Fire      64%        2d12      3%          4
f - Apportation           Tloc           94%        N/A       1%          1
g - Passwall              Tmut/Erth      39%        N/A       1%          2
h - Tukima's Dance        Hex            47%        N/A       1%          3
i - Petrify               Tmut/Erth      47%        N/A       3%          4
Your spell library was empty.

Dungeon Overview and Level Annotations

Branches:
Dungeon (8/15)             Temple (1/1) D:6
   Lair: D:8-11

Altars:
Ashenzari
Cheibriados
Dithmenos
Elyvilon
Fedhas
Gozag
Hepliaklqana
Kikubaaqudgha
Makhleb
Nemelex Xobeh
Okawaru
Qazlal
Ru
Sif Muna
Trog
Uskayaw
Vehumet
Wu Jian
Yredelemnul
Zin
The Shining One

Annotations:
D:1 exclusion: 2 downstairs
D:5 exclusion: downstairs
D:6 exclusion: downstairs
D:7 exclusions: 2 downstairs and skeletal warrior


Innate Abilities, Weirdness & Mutations

You are immune to sickness and miasma.
You are immune to poison.
Your flesh is very heat resistant. (rF++)
You are vulnerable to cold. (rC-)
You float through the air rather than walking.
You learn spells naturally, not from books.
Your magical power is your life essence.
You have superior vitality. (+4 MHP)


Message History

Confirm with . or Enter, or press ? or * to list all spells.
Casting: Flame Wave (dangerous; 3% risk of failure)
Press: ? - help, Dir - look around, f - activate You feel a surge of power!
A wave of flame ripples out!
The flame wave engulfs the centaur warrior!!
You kill the centaur warrior!
Makhleb accepts your kill.
You feel better. (Press . to intensify the flame waves.)
The centaur warrior wields a +0 shortbow.
The centaur warrior shoots an arrow.
The arrow hits you!
The centaur warrior wields a +0 shortbow.
The centaur warrior shoots an arrow.
The arrow hits you!
Your Fighting skill increases to level 7!
Your Spellcasting skill increases to level 9!
Found a twisted glowing staff.
The centaur warrior unwields a +0 shortbow.
The centaur warrior barely misses you. The centaur warrior closely misses you.
The centaur warrior unwields a +0 shortbow.
The centaur warrior hits you.
* * * LOW HITPOINT WARNING * * *
The centaur warrior kicks you but does no damage.
You see here a +0 shortbow.
You fade into invisibility!
The centaur warrior hits you!
* * * LOW HITPOINT WARNING * * *
The centaur warrior kicks you.
* * * LOW HITPOINT WARNING * * *
The centaur warrior hits you.
* * * LOW HITPOINT WARNING * * *
The centaur warrior kicks you but does no damage.
The centaur warrior hits you but does no damage.
The centaur warrior closely misses you. The centaur warrior hits you.
* * * LOW HITPOINT WARNING * * *
The centaur warrior kicks you.
* * * LOW HITPOINT WARNING * * *
You feel better. The centaur warrior hits you!
* * * LOW HITPOINT WARNING * * *
The centaur warrior kicks you.
You die...

,* *,,,,,,,,,,,,,,,,,* ,*****
*,,,,,,,,***,,,,,,***** ,,,,,*
*,,,,,,,,*,,,,,,,,,,,,* ,***,*
*,,,,,,,,,,,,**,,,***,* ,* *,*
*,,,,,,,,*,****,,,* *,*
***********#######,,***,,,***,*
,,,,,,,,,**#|....#*,,,,,,,,,,,*
,,,,***,,,,**#.cc#,,*****,**,,*
**,,,,***,,,,**#@#,** *,,**,,*
,***,,,,***,,,,#.#,* *>***,,*
,,,***,,,,**#....#,* *,* *,,*
*,,,,***,,,,###..#,*****,***,,*
***,,,,***,,,,####,,,,,,,,,,,,*
,,***,,,,***,,,,**,*****,***,**
,,,,***,,,,***,,,,,* *,*,,,*
**,,,,***,,,,***,,,* *,*,******
,,,,***,,,,***,,,,** *,*,,,,,,,


You could see 2 centaur warriors.

Vanquished Creatures
  A centaur warrior (D:8)
  A tengu warrior (D:8)
  Pikel (D:6)
  Maggie (D:7)
  Sigmund (D:2)
  Eustachio (D:5)
  2 water moccasins
  A black bear (D:7)
  2 ice beasts (D:6)
  2 sky beasts (D:6)
  5 ogres
  A centaur (D:6)
  A phantom (D:6)
  2 kobold brigands
  2 scorpions
  2 bullfrogs
  A necrophage (D:6)
  4 wights (D:6)
  6 killer bees (D:8)
  3 howler monkeys (D:6)
  2 jellies
  Crazy Yiuf (D:2)
  4 hounds
  2 orc priests
  2 gnoll shamans (D:6)
  3 iguanas
  Ijyb (D:4)
  4 orc wizards
  Natasha (thrice) (D:2)
  8 gnolls
  An adder (D:3)
  A shadow imp (D:7)
  2 white imps (D:6)
  2 worms
  2 dart slugs
  27 orcs
  11 ball pythons
  4 endoplasms
  8 giant cockroaches
  4 goblins
  2 hobgoblins
  6 jackals (D:4)
  9 kobolds
  2 quokkas (D:1)
  5 bats
  6 frilled lizards
  5 rats
167 creatures vanquished.

Vanquished Creatures (collateral kills)
  A ball python (D:4)
  3 foxfires (D:4)
4 creatures vanquished.

Vanquished Creatures (others)
  854 foxfires
854 creatures vanquished.

Grand Total: 1025 creatures vanquished

Notes
Turn   | Place    | Note
-------+----------+-------------------------------------------
     0 | D:1      | bastard the Djinni Fire Elementalist began the quest for
                  | the Orb.
     0 | D:1      | Reached XP level 1. HP: 15/15 MP: 0/0
   239 | D:1      | Reached XP level 2. HP: 18/21 MP: 0/0
   747 | D:1      | Reached skill level 3 in Spellcasting
   907 | D:1      | Found a faded altar of an unknown god.
   980 | D:1      | Reached XP level 3. HP: 23/25 MP: 0/0
   980 | D:1      | Learned a level 1 spell: Apportation
  1269 | D:2      | Noticed Sigmund
  1473 | D:2      | Noticed Natasha
  1479 | D:2      | Killed Natasha
  1480 | D:2      | Reached XP level 4. HP: 22/31 MP: 0/0
  1606 | D:2      | Noticed Natasha
  1613 | D:2      | Killed Natasha
  2015 | D:2      | Found a runed translucent door.
  2016 | D:2      | Noticed Crazy Yiuf
  2279 | D:2      | Killed Sigmund
  2280 | D:2      | Reached skill level 4 in Spellcasting
  2280 | D:2      | Reached XP level 5. HP: 22/35 MP: 0/0
  2280 | D:2      | Learned a level 2 spell: Passwall
  2280 | D:2      | Reached XP level 6. HP: 25/40 MP: 0/0
  2454 | D:2      | Noticed Natasha
  2460 | D:2      | Killed Natasha
  2866 | D:2      | Killed Crazy Yiuf
  3873 | D:4      | Reached skill level 5 in Spellcasting
  4008 | D:4      | Reached XP level 7. HP: 41/45 MP: 0/0
  4008 | D:4      | Learned a level 3 spell: Tukima's Dance
  4495 | D:4      | Identified the +5 kite shield of Acoi {Contam Str+7 Int+10}
  4858 | D:5      | Entered Level 5 of the Dungeon
  4858 | D:5      | Noticed Ijyb
  4858 | D:5      | Noticed Eustachio
  4862 | D:5      | Reached skill level 6 in Spellcasting
  4870 | D:4      | Killed Ijyb
  5007 | D:5      | Killed Eustachio
  5007 | D:5      | HP: 1/45 [spore (18)]
  5008 | D:5      | Reached XP level 8. HP: 1/50 MP: 0/0
  5887 | D:5      | Reached skill level 7 in Spellcasting
  6003 | D:6      | Reached skill level 1 in Fighting
  6374 | D:6      | Found a staircase to the Ecumenical Temple.
  6378 | D:6      | Noticed Pikel
  6383 | Temple   | Entered the Ecumenical Temple
  6606 | Temple   | Became a worshipper of Makhleb the Destroyer
  6797 | D:6      | Reached XP level 9. HP: 52/59 MP: 0/0
  6797 | D:6      | Learned a level 4 spell: Petrify
  7130 | D:6      | Reached skill level 5 in Dodging
  7137 | D:6      | Killed Pikel
  7138 | D:6      | Reached skill level 8 in Spellcasting
  7212 | D:6      | Reached * piety under Makhleb
  7945 | D:6      | Reached skill level 5 in Fighting
  8060 | D:6      | Reached XP level 10. HP: 66/70 MP: 0/0
  8735 | D:7      | Reached ** piety under Makhleb
  8841 | D:7      | Identified the +2 scale mail of Paranoia {+Blink rC+}
  9270 | D:8      | Noticed a skeletal warrior
  9270 | D:8      | Noticed a skeletal warrior
  9270 | D:8      | Noticed a skeletal warrior
  9270 | D:8      | Noticed a skeletal warrior
  9389 | D:8      | Noticed Maggie
  9398 | D:7      | Killed Maggie
  9918 | D:8      | Noticed a tengu warrior
 10193 | D:8      | Killed a tengu warrior
 10707 | D:8      | Noticed a centaur warrior
 10707 | D:8      | Noticed a centaur warrior
 10707 | D:8      | Noticed a centaur warrior
 10711 | D:8      | Killed a centaur warrior
 10712 | D:8      | Reached skill level 9 in Spellcasting
 10714 | D:8      | HP: 2/75 [centaur warrior (11)]
 10714 | D:8      | Slain by a centaur warrior

Illustrated notes

Levels and vault maps discovered:
D:1:      roderic_octagonal_star, layout_basic,
          hellmonk_ecumenical_altar_arch_garden, roderic_lattice_a
D:2:      layout_basic, kennysheep_another_room, minmay_strange_pillars,
          uniq_crazy_yiuf_cottage, uniq_natasha, uniq_sigmund
D:3:      layout_basic
D:4:      layout_loops_ring, serial_bayou_crossing
D:5:      layout_rooms, serial_park_tiny_2, due_unseen_surprise, uniq_ijyb,
          uniq_eustachio
D:6:      minmay_thinvault, layout_basic, minmay_temple_entry_large_hall,
          uniq_pikel
D:7:      layout_loops_ring, minmay_manual_macuahuitl
D:8:      minmay_tri_box, layout_loops_ring, uniq_maggie
Temple:   mainiacjoe_temple_archimedes_tessellation

Skill      XL: |  1  2  3  4  5  6  7  8  9 10 |
---------------+-------------------------------+-----
Spellcasting   | 3 4 5 6 7 8 9 |  9.1
Stealth        | 2 |  2.6
Dodging        | 3 4 6 8 |  8.4
Fighting       | 2 5 7 |  7.1
Unarmed Combat | |  0.1

Action                   |  1- 3 |  4- 6 |  7- 9 | 10-12 || total
-------------------------+-------+-------+-------+-------++-------
Melee: Unarmed           |     2 |       |       |       ||     2
 Cast: Foxfire           |    49 |   112 |   251 |   108 ||   520
       Flame Wave        |       |       |     3 |    11 ||    14
       Scorch            |       |       |    10 |     6 ||    16
       Conjure Flame     |       |       |     3 |       ||     3
       Inner Flame       |       |       |     1 |     1 ||     2
       Tukima's Dance    |       |       |       |     3 ||     3
  Use: Scroll            |       |    11 |    10 |     5 ||    26
       Potion            |       |       |     1 |     2 ||     3
Armor: Robe              |       |     8 |    10 |     3 ||    21
       Acid dragon scale |       |       |       |    20 ||    20
Dodge: Dodged            |    11 |    14 |    36 |    38 ||    99

Table legend: (Time is in decaauts)
 A = Elapsed time spent in this place.
 B = Non-inter-level travel time spent in this place.
 C = Inter-level travel time spent in this place.
 D = Time resting spent in this place.
 E = Time spent auto-exploring this place.
 F = Levels seen in this place.
 G = Mean time per level.
                   A        B        C        D        E       F      G
               +--------+--------+--------+--------+--------+-----+--------+
         Total |  10715 |  10109 |    606 |      0 |   8775 |   9 | 1190.6 |
       Dungeon |  10472 |   9906 |    566 |      0 |   8591 |   8 | 1309.0 |
        Temple |    243 |    203 |     40 |      0 |    184 |   1 |  243.0 |
               +--------+--------+--------+--------+--------+-----+--------+

Top non-repeatable levels by time:
     D:7: 2246 daAuts
     D:6: 1644 daAuts
     D:4: 1607 daAuts
     D:2: 1543 daAuts
     D:1: 1407 daAuts
     D:3: 895 daAuts
     D:5: 887 daAuts
  Temple: 243 daAuts
     D:8: 239 daAuts
